BSA
SPRINGFIELD STARS @ POCATELLO BOCCABELLAS
09/14/2024
 
TOP OF THE 1ST
Springfield Stars batting - Pitching for Pocatello Boccabellas : RHP José Rojas
Pitching: RHP José Rojas
Batting: LHB Eduardo Alomar 0-0: Foul Ball, location: 2F
0-1: Called Strike
0-2: SINGLE (Flyball, 7LS)
Batting: LHB Felipe Guerrero 0-0: Ball
1-0: Foul Ball, location: 2F
1-1: Called Strike
1-2: Strikes out looking
Batting: RHB Danny Reed 0-0: Swinging Strike
0-1: Called Strike
0-2: Ball
Eduardo Alomar is caught stealing 2nd base
1-2: Foul Ball, location: 2F
1-2: Ball
2-2: Strikes out looking
Top of the 1st over - 0 run(s), 1 hit(s), 0 error(s), 0 left on base; Springfield 0 - Pocatello 0
BOTTOM OF THE 1ST
Pocatello Boccabellas batting - Pitching for Springfield Stars : LHP Joaquín Gonzáles
Pitching: LHP Joaquín Gonzáles
Batting: RHB José Delgado 0-0: Ball
1-0: Ball
2-0: Swinging Strike
2-1: Ball
3-1: Called Strike
3-2: Ground out 4-3 (Groundball, 4)
Batting: RHB Marlon Phipps 0-0: Ball
1-0: SINGLE (Line Drive, 9S)
Batting: RHB Francisco Sandoval 0-0: Ground out 2-3 (Groundball, 23)
Marlon Phipps to second
Batting: LHB Norberto Muñóz 0-0: Ball
1-0: Foul Ball, location: 2F
1-1: Ball
2-1: Foul Ball, location: 2F
2-2: Ball
3-2: SINGLE (Groundball, 25) (infield hit)
Marlon Phipps to third
Batting: RHB Keith Kirkpatrick 0-0: Called Strike
0-1: Ball
Norberto Muñóz steals 2nd base
1-1: Swinging Strike
1-2: Foul Ball, location: 2F
1-2: Strikes out swinging
Bottom of the 1st over - 0 run(s), 2 hit(s), 0 error(s), 2 left on base; Springfield 0 - Pocatello 0
TOP OF THE 2ND
Springfield Stars batting - Pitching for Pocatello Boccabellas : RHP José Rojas
Batting: LHB Derek Davidson 0-0: Ball
1-0: Foul Ball, location: 2F
1-1: Ground out 4-3 (Groundball, 4M)
Batting: RHB Calvin Bennett 0-0: Ball
1-0: SOLO HOME RUN (Flyball, 7D), Distance : 376 ft
Batting: LHB Jesús Tobías 0-0: Ball
1-0: Ball
2-0: Ball
3-0: Base on Balls
Batting: RHB Alberto Campos 0-0: Ball
1-0: Swinging Strike
1-1: DOUBLE (Line Drive, 7LS)
Jesús Tobías to third
Runner from 3rd tries for Home, SAFE, no throw or cutoff
Batting: RHB José Pinto 0-0: Ball
1-0: Swinging Strike
1-1: Ball
2-1: Ball
3-1: Base on Balls
Batting: SHB David García 0-0: Ball
1-0: 3-RUN HOME RUN (Flyball, 89D), Distance : 452 ft
Batting: LHB Eduardo Alomar 0-0: Called Strike
0-1: Called Strike
0-2: Foul Ball, location: 2F
0-2: Strikes out looking
Batting: LHB Felipe Guerrero 0-0: Called Strike
0-1: Ball
1-1: Ball
2-1: Ball
3-1: Fly out, F8 (Flyball, 8LD)
Top of the 2nd over - 5 run(s), 3 hit(s), 0 error(s), 0 left on base; Springfield 5 - Pocatello 0
BOTTOM OF THE 2ND
Pocatello Boccabellas batting - Pitching for Springfield Stars : LHP Joaquín Gonzáles
Batting: LHB Juan Cortés 0-0: Ball
1-0: Ball
2-0: Ball
3-0: Ground out 5-3 (Groundball, 56)
Batting: RHB Pedro Guzmán 0-0: Fly out, F9 (Flyball, 89S)
Batting: RHB Pete Harvey 0-0: Ball
1-0: Ball
2-0: Ball
3-0: Called Strike
3-1: Base on Balls
Batting: RHB Teddy Bates 0-0: Ball
1-0: Foul Ball, location: 2F
1-1: Swinging Strike
1-2: Ball
2-2: Ground out 2-3 (Groundball, 2L)
Bottom of the 2nd over - 0 run(s), 0 hit(s), 0 error(s), 1 left on base; Springfield 5 - Pocatello 0
TOP OF THE 3RD
Springfield Stars batting - Pitching for Pocatello Boccabellas : RHP José Rojas
Batting: RHB Danny Reed 0-0: Called Strike
0-1: Ball
1-1: Swinging Strike
1-2: Strikes out swinging
Batting: LHB Derek Davidson 0-0: Ball
1-0: Swinging Strike
1-1: DOUBLE (Line Drive, 9LM)
Batting: RHB Calvin Bennett 0-0: Ball
1-0: 2-RUN HOME RUN (Flyball, 8LXD), Distance : 460 ft
Batting: LHB Jesús Tobías 0-0: Ball
1-0: Ball
2-0: Ball
3-0: Called Strike
3-1: Base on Balls
Batting: RHB Alberto Campos 0-0: SINGLE (Groundball, 56D)
Jesús Tobías to second
Batting: RHB José Pinto 0-0: Fly out, F5 (Popup, 15)
Batting: SHB David García 0-0: Called Strike
0-1: Ball
1-1: Ball
2-1: Fielders Choice at 2nd, 6-4 (Groundball, 6MS)
Top of the 3rd over - 2 run(s), 3 hit(s), 0 error(s), 1 left on base; Springfield 7 - Pocatello 0
BOTTOM OF THE 3RD
Pocatello Boccabellas batting - Pitching for Springfield Stars : LHP Joaquín Gonzáles
Batting: RHB José Delgado 0-0: Foul Ball, location: 2F
0-1: Fly out, F9 (Flyball, 9D)
Batting: RHB Marlon Phipps 0-0: Ball
1-0: Ground out 1-3 (Groundball, 13S)
Batting: RHB Francisco Sandoval 0-0: Called Strike
0-1: Swinging Strike
0-2: Foul Ball, location: 2F
0-2: Ball
1-2: Ball
2-2: Ground out 6-3 (Groundball, 6)
Bottom of the 3rd over - 0 run(s), 0 hit(s), 0 error(s), 0 left on base; Springfield 7 - Pocatello 0
TOP OF THE 4TH
Springfield Stars batting - Pitching for Pocatello Boccabellas : RHP José Rojas
Batting: LHB Eduardo Alomar 0-0: SOLO HOME RUN (Flyball, 89XD), Distance : 453 ft
Pitching: RHP Jaime Espinoza
Batting: LHB Felipe Guerrero 0-0: Called Strike
0-1: Foul Ball, location: 2F
0-2: Foul Ball, location: 2F
0-2: Ball
1-2: Foul Ball, location: 2F
1-2: Strikes out swinging
Batting: RHB Danny Reed 0-0: Called Strike
0-1: Ball
1-1: Foul Ball, location: 2F
1-2: Ground out 1-3 (Groundball, 15)
Batting: LHB Derek Davidson 0-0: Ball
1-0: Called Strike
1-1: Ground out U3 (Groundball, 3S)
Top of the 4th over - 1 run(s), 1 hit(s), 0 error(s), 0 left on base; Springfield 8 - Pocatello 0
BOTTOM OF THE 4TH
Pocatello Boccabellas batting - Pitching for Springfield Stars : LHP Joaquín Gonzáles
Batting: LHB Norberto Muñóz 0-0: Swinging Strike
0-1: Foul Ball, location: 2F
0-2: Ball
1-2: Strikes out swinging
Batting: RHB Keith Kirkpatrick 0-0: Swinging Strike
0-1: Swinging Strike
0-2: Ball
1-2: Strikes out swinging
Batting: LHB Juan Cortés 0-0: Ball
1-0: Ball
2-0: Fly out, F6 (Popup, 6)
Bottom of the 4th over - 0 run(s), 0 hit(s), 0 error(s), 0 left on base; Springfield 8 - Pocatello 0
TOP OF THE 5TH
Springfield Stars batting - Pitching for Pocatello Boccabellas : RHP Jaime Espinoza
Batting: RHB Calvin Bennett 0-0: Ball
1-0: Called Strike
1-1: Ball
2-1: Ball
3-1: Base on Balls
Batting: LHB Jesús Tobías 0-0: Called Strike
0-1: Swinging Strike
0-2: Foul Ball, location: 2F
0-2: Ball
1-2: Fly out, F8 (Flyball, 8LD)
Batting: RHB Alberto Campos 0-0: Ball
1-0: Foul Ball, location: 2F
1-1: Called Strike
1-2: Ball
2-2: Foul Ball, location: 2F
2-2: Grounds into double play, 6-4-3 (Groundball, 6)
Top of the 5th over - 0 run(s), 0 hit(s), 0 error(s), 0 left on base; Springfield 8 - Pocatello 0
BOTTOM OF THE 5TH
Pocatello Boccabellas batting - Pitching for Springfield Stars : LHP Joaquín Gonzáles
Batting: RHB Pedro Guzmán 0-0: Ball
1-0: Ball
2-0: Ball
3-0: Base on Balls
Batting: RHB Pete Harvey 0-0: Grounds into double play, U6-3 (Groundball, 6M)
Batting: RHB Teddy Bates 0-0: Called Strike
0-1: Ground out 4-3 (Groundball, 4)
Bottom of the 5th over - 0 run(s), 0 hit(s), 0 error(s), 0 left on base; Springfield 8 - Pocatello 0
TOP OF THE 6TH
Springfield Stars batting - Pitching for Pocatello Boccabellas : RHP Jaime Espinoza
Batting: RHB José Pinto 0-0: Foul Ball, location: 2F
0-1: Ball
1-1: Swinging Strike
1-2: Ball
2-2: Strikes out swinging
Batting: SHB David García 0-0: Ball
1-0: Called Strike
1-1: Foul Ball, location: 2F
1-2: Ball
2-2: Fly out, F6 (Popup, 5L)
Batting: LHB Eduardo Alomar 0-0: Foul Ball, location: 2F
0-1: Foul Ball, location: 2F
0-2: Foul Ball, location: 2F
0-2: Strikes out looking
Top of the 6th over - 0 run(s), 0 hit(s), 0 error(s), 0 left on base; Springfield 8 - Pocatello 0
BOTTOM OF THE 6TH
Pocatello Boccabellas batting - Pitching for Springfield Stars : LHP Joaquín Gonzáles
Batting: RHB José Delgado 0-0: Ball
1-0: Foul Ball, location: 2F
1-1: SINGLE (Line Drive, 34)
Batting: RHB Marlon Phipps 0-0: Ball
1-0: Called Strike
1-1: SINGLE (Groundball, 4M)
José Delgado to second
Runner from 2nd tries for 3rd, SAFE, throw made to third
Batting: RHB Francisco Sandoval 0-0: Foul Ball, location: 2F
0-1: Foul Ball, location: 2F
0-2: Grounds into double play, 4-6-3 (Groundball, 34)
José Delgado scores
Batting: LHB Norberto Muñóz 0-0: Fly out, F6 (Popup, 6)
Bottom of the 6th over - 1 run(s), 2 hit(s), 0 error(s), 0 left on base; Springfield 8 - Pocatello 1
TOP OF THE 7TH
Springfield Stars batting - Pitching for Pocatello Boccabellas : RHP Jaime Espinoza
Pitching: LHP Adrián León
Batting: LHB Felipe Guerrero 0-0: Foul Ball, location: 2F
0-1: SINGLE (Line Drive, 56D)
Batting: RHB Danny Reed 0-0: Called Strike
0-1: Ball
1-1: 2-RUN HOME RUN (Flyball, 7D), Distance : 374 ft
Batting: LHB Derek Davidson 0-0: Ball
1-0: SINGLE (Groundball, 56)
Batting: RHB Calvin Bennett 0-0: Ball
1-0: Called Strike
1-1: Fielders Choice at 2nd, 5-4 (Groundball, 56)
Batting: LHB Jesús Tobías 0-0: Ball
1-0: Called Strike
1-1: Ball
2-1: Called Strike
2-2: SINGLE (Line Drive, 4D)
Calvin Bennett to second
Runner from 2nd tries for 3rd, SAFE, throw made to third
Batting: RHB Alberto Campos 0-0: Called Strike
0-1: Foul Ball, location: 2F
0-2: Ball
1-2: Grounds into double play, 5-4-3 (Groundball, 5)
Top of the 7th over - 2 run(s), 4 hit(s), 0 error(s), 1 left on base; Springfield 10 - Pocatello 1
BOTTOM OF THE 7TH
Pocatello Boccabellas batting - Pitching for Springfield Stars : LHP Joaquín Gonzáles
Batting: RHB Keith Kirkpatrick 0-0: SINGLE (Groundball, 56D)
Batting: LHB Juan Cortés 0-0: Ball
1-0: Ball
2-0: Ball
3-0: Called Strike
3-1: Base on Balls
Keith Kirkpatrick to second
Batting: RHB Pedro Guzmán 0-0: Called Strike
0-1: Called Strike
0-2: Foul Ball, location: 2F
0-2: Fly out, F9 (Line Drive, 89M)
Runner from 2nd tags up, SAFE at 3rd with throw
Batting: RHB Pete Harvey 0-0: Ball
1-0: Called Strike
1-1: Called Strike
1-2: Foul Ball, location: 2F
1-2: Ball
2-2: Ball
3-2: Base on Balls
Juan Cortés to second
Batting: RHB Teddy Bates 0-0: Ball
1-0: Foul Ball, location: 2F
1-1: Ball
2-1: Foul Ball, location: 2F
2-2: Strikes out swinging
Batting: RHB José Delgado 0-0: Fly out, F8 (Flyball, 8RM)
Bottom of the 7th over - 0 run(s), 1 hit(s), 0 error(s), 3 left on base; Springfield 10 - Pocatello 1
TOP OF THE 8TH
Springfield Stars batting - Pitching for Pocatello Boccabellas : LHP Adrián León
Batting: RHB José Pinto 0-0: Ball
1-0: Swinging Strike
1-1: Swinging Strike
1-2: Strikes out swinging
Batting: SHB David García 0-0: Foul Ball, location: 2F
0-1: Ball
1-1: Foul Ball, location: 2F
1-2: Foul Ball, location: 2F
1-2: Strikes out looking
Batting: LHB Eduardo Alomar 0-0: Ball
1-0: Ball
2-0: Called Strike
2-1: Ground out 4-3 (Groundball, 4M)
Top of the 8th over - 0 run(s), 0 hit(s), 0 error(s), 0 left on base; Springfield 10 - Pocatello 1
BOTTOM OF THE 8TH
Pocatello Boccabellas batting - Pitching for Springfield Stars : LHP Joaquín Gonzáles
Pitching: LHP Jorge Aybar
Now at C: Eric Peterson
Batting: RHB Marlon Phipps 0-0: Fly out, F6 (Popup, 7S)
Batting: RHB Francisco Sandoval 0-0: Ball
1-0: Called Strike
1-1: Fly out, F9 (Flyball, 89D)
Batting: LHB Norberto Muñóz 0-0: Ball
1-0: Fly out, F7 (Flyball, 78S)
Bottom of the 8th over - 0 run(s), 0 hit(s), 0 error(s), 0 left on base; Springfield 10 - Pocatello 1
TOP OF THE 9TH
Springfield Stars batting - Pitching for Pocatello Boccabellas : LHP Adrián León
Batting: LHB Felipe Guerrero 0-0: Ball
1-0: Called Strike
1-1: Foul Ball, location: 2F
1-2: Ball
2-2: Ball
3-2: SINGLE (Line Drive, 3L)
Batting: RHB Danny Reed 0-0: Ball
1-0: Ball
2-0: Called Strike
2-1: Ball
3-1: Foul Ball, location: 2F
3-2: Strikes out swinging
Batting: LHB Derek Davidson 0-0: Fly out, F9 (Flyball, 9LD)
Batting: RHB Calvin Bennett 0-0: 2-RUN HOME RUN (Flyball, 7D), Distance : 381 ft
Batting: LHB Jesús Tobías 0-0: DOUBLE (Line Drive, 3)
Batting: LHB Eric Peterson 0-0: Called Strike
0-1: Ball
1-1: Fly out, F5 (Line Drive, 56S)
Top of the 9th over - 2 run(s), 3 hit(s), 0 error(s), 1 left on base; Springfield 12 - Pocatello 1
BOTTOM OF THE 9TH
Pocatello Boccabellas batting - Pitching for Springfield Stars : LHP Jorge Aybar
Batting: RHB Keith Kirkpatrick 0-0: Called Strike
0-1: Called Strike
0-2: Ball
1-2: Ball
2-2: Ball
3-2: Foul Ball, location: 2F
3-2: Foul Ball, location: 2F
3-2: Fly out, F8 (Flyball, 8LS)
Batting: LHB Juan Cortés 0-0: Fly out, F7 (Flyball, 7M)
Batting: RHB Pedro Guzmán 0-0: Called Strike
0-1: Ball
1-1: Fly out, F7 (Flyball, 78M)
Bottom of the 9th over - 0 run(s), 0 hit(s), 0 error(s), 0 left on base; Springfield 12 - Pocatello 1
This league is powered by Out of the Park Baseball, the baseball management simulation game for PC, Mac and Linux
Saturday, April 9th, 2016 - OOTP Baseball 16.8 Build 38